2022 views
Uploaded 2022-09-12 21:07:43
Game version 1.33
6:15 long 1on1 ladder game on (2)Tidehunters
Saved by Cabeelibob
2022 views
Uploaded 2022-09-12 21:07:43
Game version 1.33
6:15 long 1on1 ladder game on (2)Tidehunters

/ 0.1k
15 buildings @ 1.8k
/ 0.6k

| Peasant | 12 | 900 | / | 0 |
| Rifleman | 5 | 1025 | / | 150 |
| total: | 17 | 1925g | / | 150w |
| Scout Tower | 3 | 90 | / | 60 |
| Arcane Tower | 1 | 70 | / | 50 |
| Guard Tower | 1 | 70 | / | 50 |
| Farm | 5 | 400 | / | 100 |
| Altar of Kings | 2 | 360 | / | 100 |
| Blacksmith | 1 | 140 | / | 60 |
| Barracks | 1 | 160 | / | 60 |
| Lumber Mill | 1 | 120 | / | 0 |
| Town Hall | 1 | 385 | / | 205 |
| Arcane Vault | 1 | 130 | / | 30 |
| total: | 15 | 1785g | / | 615w |
| 0:01 | Peasant |
| 0:04 | Farm |
| 0:05 | Altar of Kings |
| 0:07 | Farm |
| 0:09 | Altar of Kings |
| 0:18 | Peasant |
| 0:39 | Peasant |
| 0:39 | Peasant |
| 0:45 | Peasant |
| 1:11 | Blacksmith |
| 1:25 | Barracks |
| 1:28 | Peasant |
| 1:31 | Farm |
| 1:46 | Peasant |
| 1:59 | Lumber Mill |
| 2:03 | Peasant |
| 2:15 | Peasant |
| 2:19 | Farm |
| 2:21 | Peasant |
| 2:23 | Storm Bolt |
| 2:27 | Rifleman |
| 2:37 | Peasant |
| 2:52 | Rifleman |
| 3:00 | Farm |
| 3:09 | Improved Lumber Harvesting |
| 3:24 | Bash |
| 3:39 | Rifleman |
| 3:41 | Peasant |
| 4:29 | Town Hall |
| 4:31 | Scout Tower |
| 4:37 | Scout Tower |
| 4:43 | Rifleman |
| 4:57 | Scout Tower |
| 5:02 | Arcane Tower |
| 5:15 | Storm Bolt |
| 5:23 | Guard Tower |
| 5:28 | Arcane Vault |
| 5:51 | Rifleman |
| Right click | 228 |
| Select | 163 |
| Chat | 84 |
| Select group | 69 |
| Misc. action | 34 |
| Build/train/purchase | 33 |
| Assign group | 10 |
| Use ability | 5 |
/ 0.1k
6 buildings @ 1.1k
/ 0.3k

| Wisp | 11 | 660 | / | 0 |
| Huntress | 5 | 975 | / | 100 |
| total: | 16 | 1635g | / | 100w |
| Altar of Elders | 1 | 180 | / | 50 |
| Moon Well | 2 | 360 | / | 80 |
| Ancient of War | 2 | 300 | / | 120 |
| Hunter's Hall | 1 | 210 | / | 100 |
| Tree of Ages | 1 | 320 | / | 180 |
| total: | 6 | 1050g | / | 350w |
| 0:03 | Wisp |
| 0:07 | Altar of Elders |
| 0:24 | Wisp |
| 0:28 | Moon Well |
| 0:29 | Wisp |
| 1:03 | Wisp |
| 1:13 | Wisp |
| 1:33 | Wisp |
| 2:04 | Ancient of War |
| 2:05 | Hunter's Hall |
| 2:09 | Moon Well |
| 2:09 | Wisp |
| 2:09 | Wisp |
| 2:10 | Wisp |
| 2:23 | Entangling Roots |
| 2:45 | Wisp |
| 2:58 | Ancient of War |
| 3:18 | Huntress |
| 3:38 | Ultravision |
| 3:40 | Wisp |
| 3:50 | Huntress |
| 4:45 | Huntress |
| 4:47 | Moon Armor |
| 4:49 | Tree of Ages |
| 5:28 | Huntress |
| 5:37 | Huntress |
| Chat | 311 |
| Right click | 214 |
| Select | 72 |
| Build/train/purchase | 21 |
| Misc. action | 19 |
| Use ability | 6 |
| Select group | 5 |
| Assign group | 2 |